 Dungeon Crawl Stone Soup version 0.26-a0-707-g31817bcca1 (webtiles) character file.

Game seed: 864440277179186931

63 lunkers the Skirmisher (level 4, -3/49 HPs)
             Began as an Ogre Fighter on Oct 26, 2020.
             Slain by a goblin (5 damage)
             ... led by Robin
             ... on level 4 of the Dungeon.
             The game lasted 00:02:25 (1827 turns).

lunkers the Skirmisher (Ogre Fighter)               Turns: 1827, Time: 00:02:26

Health: -3/49      AC:  3    Str: 20    XL:     4   Next: 10%
Magic:  4/4        EV:  8    Int: 10    God:
Gold:   81         SH:  8    Dex:  8    Spells: 3/3 levels left

rFire    . . .     SeeInvis .   a - +0 war axe
rCold    . . .     Faith    .   c - +0 kite shield
rNeg     . . .     Spirit   .   b - +0 robe
rPois    .         Reflect  .   (helmet restricted)
rElec    .         Harm     .   (no cloak)
rCorr    .         Rampage  .   (gloves unavailable)
MR       .....                  (boots unavailable)
Stlth    +.........             (no amulet)
HPRegen  0.16/turn              (no ring)
MPRegen  0.09/turn              (no ring)

@: mighty
A: large, unfitting armour, tough skin 1
a: no special abilities


You were on level 4 of the Dungeon.
You visited 1 branch of the dungeon, and saw 3 of its levels.

You collected 81 gold pieces.

Inventory:

Hand Weapons
 a - a +0 war axe (weapon)
Armour
 b - a +0 robe (worn)
 c - a +0 kite shield (worn)
Jewellery
 m - an uncursed amulet of faith
Scrolls
 e - 2 scrolls of amnesia {unknown}
 g - a scroll of enchant weapon {unknown}
 h - 3 scrolls of identify {unknown}
 i - 2 scrolls of teleportation {unknown}
 l - a scroll of fog {unknown}
 n - a scroll of remove curse {unknown}
Potions
 d - a potion of might
 f - a potion of haste {unknown}
 j - a potion of mutation {unknown}
 k - 3 potions of heal wounds {unknown}


   Skills:
 + Level 4.8 Fighting
 * Level 3.5 Axes
 - Level 2.6 Dodging
 + Level 2.8 Shields


You had 3 spell levels left.
You didn't know any spells.
Your spell library was empty.

Dungeon Overview and Level Annotations

Branches:
Dungeon (2/15)

Altars:
Qazlal

Annotations:
D:4 Pikel, Robin


Innate Abilities, Weirdness & Mutations

You are too large for most types of armour.
You have tough skin. (AC +1)


Message History

You kill the goblin!
You barely miss the lemure. You block the goblin's attack.
You block Pikel's attack. The lemure hits you.
* * * LOW HITPOINT WARNING * * *
The lemure hits you!
* * * LOW HITPOINT WARNING * * *
Unknown command.
Unknown command.
You slash Pikel!
Pikel is moderately wounded.
You barely miss the lemure. You slash the leopard gecko!
You kill the leopard gecko!
You hit the goblin. You slash the lemure! The goblin hits you.
* * * LOW HITPOINT WARNING * * *
Pikel hits you but does no damage. You block the lemure's attack.
The lemure closely misses you. The goblin hits you.
* * * LOW HITPOINT WARNING * * *
Pikel says, "Hell isn't that bad."
Pikel completely misses you. The goblin hits you.
You die...

### . .>#
..#####.#####
....<..[....#
............#
.......gg...###
.....g5K55.....
.....gg@g5..#
#############


You could see Pikel, 4 lemures, Robin and 5 goblins.

Vanquished Creatures
  An adder (D:2)
  An ooze (D:2)
  A dart slug (D:1)
  2 leopard geckos
  7 bats
  3 giant cockroaches
  11 goblins
  3 hobgoblins
  5 jackals
  3 kobolds
  A frilled lizard (D:1)
  3 rats
41 creatures vanquished.

Notes
Turn   | Place    | Note
-------+----------+-------------------------------------------
     0 | D:1      | lunkers the Ogre Fighter began the quest for the Orb.
     0 | D:1      | Reached XP level 1. HP: 24/24 MP: 1/1
   312 | D:1      | Reached XP level 2. HP: 28/32 MP: 2/2
   787 | D:1      | Reached XP level 3. HP: 40/40 MP: 3/3
  1569 | D:2      | Found a stormy altar of Qazlal.
  1821 | D:2      | You fall into a shaft and drop 2 floors!
  1821 | D:4      | Noticed Pikel
  1821 | D:4      | Noticed a lemure
  1821 | D:4      | Noticed a lemure
  1822 | D:4      | Noticed a lemure
  1822 | D:4      | Noticed a lemure
  1822 | D:4      | Noticed Robin
  1823 | D:4      | Reached XP level 4. HP: 49/49 MP: 4/4
  1827 | D:4      | HP: 2/49 [goblin[Robin] (1)]
  1827 | D:4      | Slain by a goblin

Illustrated notes

Levels and vault maps discovered:
D:1:      dpeg_arrival_arbitrary_a, layout_basic, minmay_split_cup_large
D:2:      layout_basic, grunt_qazlal_sundering
D:4:      cheibrodos_fertilizer, layout_basic, serial_corexii_hall,
          corexii_hall_statues_x, corexii_hall_statues_s, uniq_pikel, uniq_robin

Skill      XL: |  1  2 |
---------------+-------+-----
Axes           | 3 |  3.5
Fighting       | |  4.8
Dodging        | |  2.6
Shields        | |  2.8

Action                   |  1- 3 |  4- 6 || total
-------------------------+-------+-------++-------
Melee: War axe           |    95 |     3 ||    98
  Use: Potion            |       |     1 ||     1
Armor: Robe              |    46 |     1 ||    47
Dodge: Dodged            |    31 |     5 ||    36
Block: Kite shield       |    53 |     5 ||    58

Table legend: (Time is in decaauts)
 A = Elapsed time spent in this place.
 B = Non-inter-level travel time spent in this place.
 C = Inter-level travel time spent in this place.
 D = Time resting spent in this place.
 E = Time spent auto-exploring this place.
 F = Levels seen in this place.
 G = Mean time per level.
                   A        B        C        D        E       F      G
               +--------+--------+--------+--------+--------+-----+--------+
         Total |   1868 |   1825 |     43 |      0 |   1575 |   3 |  622.7 |
       Dungeon |   1868 |   1825 |     43 |      0 |   1575 |   3 |  622.7 |
               +--------+--------+--------+--------+--------+-----+--------+

Top non-repeatable levels by time:
     D:1: 1335 daAuts
     D:2: 525 daAuts
     D:4: 7 daAuts
